Map: Jagannatha LE

Players

Gerald - Winner!

  • Race: Protoss Protoss

KingCobra

  • Race: Protoss Protoss

Event: DreamHack SC2 Masters 2021 Winter

VOD

Have the link to the VOD?

Description

Time

  • Played on: Oct. 8, 2021, 10:10 a.m.
  • Length: 6:17

All games in this series

Show
View Real Time Build Order
Export as new Build Order

Gerald Protoss - Winner!

Build Orders:  

Get SALT Encoding   

  12  0:00  Probe  
  13  0:12  Probe  
  14  0:17  Pylon  
  14  0:24  Probe (Chrono Boost)  
  16  0:37  Gateway, Probe (Chrono Boost)  
  16  0:42  Probe (Chrono Boost)  
  16  0:47  Assimilator  
  17  0:53  Probe  
  17  0:55  Assimilator  
  18  1:07  Forge  
  18  1:13  Pylon  
  18  1:26  Pylon  
  17  1:37  Pylon  
  17  1:43  Photon Cannon  
  17  1:46  Probe  
  18  1:55  Cybernetics Core  
  18  2:07  Probe  
  17  2:19  Probe (Chrono Boost)  
  19  2:30  Adept (Chrono Boost)  
  19  2:31  Probe (Chrono Boost)  
  19  2:36  Photon Cannon  
  21  2:38  Probe (Chrono Boost)  
  21  2:41  Warp Gate (Chrono Boost)  
  22  2:48  Probe  
  23  2:56  Stalker  
  25  3:00  Probe  
  25  3:13  Probe  
  26  3:20  Gateway  
  26  3:25  Probe  
  27  3:28  Stalker  
  29  3:37  Probe  
  30  3:45  Robotics Facility  
  30  3:57  Pylon  
  30  4:12  Nexus  
  30  4:27  Probe  
  31  4:37  Stalker  
  33  4:38  Twilight Council  
  33  4:43  Stalker  
  33  4:44  Observer  
  33  4:45  Probe  
  35  4:57  Probe  
  35  4:58  Shield Battery  
  36  5:09  Probe  
  36  5:14  Pylon  
  37  5:21  Probe  
  37  5:24  Stalker x2  
  42  5:30  Probe  
  42  5:33  Probe  
  44  5:42  Shield Battery  
  44  5:48  Shield Battery  
  44  5:51  Pylon  
  44  5:54  Stalker  
  46  6:05  Stalker  
Show
View Real Time Build Order
Export as new Build Order

KingCobra Protoss 

Build Orders:  

Get SALT Encoding   

  12  0:00  Probe (Chrono Boost)  
  13  0:09  Probe (Chrono Boost)  
  14  0:14  Probe (Chrono Boost)  
  15  0:22  Pylon  
  15  0:40  Forge  
  15  1:00  Pylon  
  15  1:02  Pylon  
  15  1:03  Pylon  
  15  1:09  Pylon  
  15  1:18  Photon Cannon  
  15  1:28  Probe (Chrono Boost)  
  16  1:35  Gateway  
  16  1:40  Probe (Chrono Boost)  
  16  1:41  Assimilator  
  16  1:46  Assimilator  
  17  1:49  Probe (Chrono Boost)  
  18  1:55  Probe  
  19  2:02  Photon Cannon  
  19  2:09  Pylon  
  19  2:14  Probe (Chrono Boost)  
  20  2:23  Probe (Chrono Boost)  
  20  2:26  Cybernetics Core  
  20  2:27  Pylon  
  20  2:28  Probe (Chrono Boost)  
  20  2:29  Zealot  
  23  2:40  Probe  
  24  2:52  Probe  
  24  2:56  Pylon  
  23  3:14  Pylon  
  23  3:16  Probe  
  23  3:17  Photon Cannon  
  23  3:20  Stargate  
  23  3:29  Pylon  
  23  3:34  Pylon  
  23  3:35  Pylon  
  23  3:41  Probe  
  23  3:45  Robotics Facility  
  23  3:53  Probe  
  23  3:54  Void Ray (Chrono Boost)  
  24  4:05  Probe  
  29  4:10  Pylon  
  29  4:21  Void Ray (Chrono Boost), Probe  
  34  4:37  Immortal  
  38  4:58  Void Ray  
  42  5:18  Pylon  
  42  5:19  Immortal  
  45  5:46  Nexus  
  45  5:49  Pylon  

Tags
 
Add a new tag
Caveats
  • Supply blocks, unpowered buildings, or Contaminate may cause inaccurate times.
  • Supply counts are checked every 10 seconds.